 Dungeon Crawl Stone Soup version 0.29.1-4-g47bece8355 (webtiles) character file.

Game seed: 18079770730791315727

1734 Hiippo the Fighter (level 9, -4/65 (76) HPs)
             Began as a Formicid Abyssal Knight on Dec 5, 2022.
             Was a High Priest of Lugonu.
             Slain by Duvessa
             ... wielding a +0 short sword
              (10 damage)
             ... on level 7 of the Dungeon.
             The game lasted 00:30:08 (7862 turns).

Hiippo the Fighter (Formicid Abyssal Knight)        Turns: 7862, Time: 00:30:09

HP:   -4/65 (76)    AC: 12    Str: 22    XL:     9   Next: 25%
MP:   9/10          EV:  6    Int: 10    God:    Lugonu [*****.]
Gold: 295           SH:  0    Dex: 20    Spells: 8/8 levels left

rFire   . . .      SeeInvis +   a - +2 hand axe (chaos)
rCold   . . .      Faith    .   (no shield)
rNeg    + . .      Spirit   .   g - +1 plate armour
rPois   .          Reflect  .   (helmet unavailable)
rElec   .          Harm     .   (no cloak)
rCorr   .          Rampage  .   (no gloves)
Will    .....                   (no boots)
Stlth   ..........              (no amulet)
HPRegen 0.20/turn               x - +6 ring of dexterity
MPRegen 0.12/turn               j - ring of positive energy

@: heavily drained
A: permanent stasis, dig shafts and tunnels, antennae 3, four strong arms
a: Dig, Shaft Self, Renounce Religion, Depart the Abyss, Bend Space, Banish,
Corrupt, Enter the Abyss


You were on level 7 of the Dungeon.
You worshipped Lugonu.
Lugonu was extremely pleased with you.
You visited 1 branch of the dungeon, and saw 7 of its levels.
You visited the Abyss 1 time.
You also visited: Sewer.

You collected 295 gold pieces.

Inventory:

Hand Weapons
 a - a +2 hand axe of chaos (weapon)
Missiles
 d - 66 stones
 p - 18 poisoned darts
 r - 5 large rocks
Armour
 b - a +0 leather armour
 g - a +1 plate armour (worn)
 u - a +2 chain mail of cold resistance
Jewellery
 e - a +4 ring of evasion
 j - a ring of positive energy (right hand)
 x - a +6 ring of dexterity (left hand)
Wands
 n - a wand of polymorph (10)
 w - a wand of iceblast (5)
Scrolls
 f - 2 scrolls of immolation
 h - 2 scrolls of vulnerability
 k - 3 scrolls of amnesia
 l - a scroll of magic mapping
 q - 2 scrolls of identify
 t - a scroll of enchant armour
 v - 3 scrolls of poison
 D - a scroll of enchant weapon
Potions
 c - 3 potions of curing
 i - a potion of lignification
 m - 2 potions of haste
 o - a potion of brilliance
 s - 4 potions of might
 z - a potion of magic


   Skills:
 + Level 9.3 Fighting
 + Level 8.2 Axes
 - Level 2.3 Armour
 - Level 1.1 Dodging
 - Level 2.3 Invocations


You had 8 spell levels left.
You didn't know any spells.
Your spell library contained the following spells:

 Spells                   Type           Power      Damage    Failure   Level
 Lesser Beckoning         Tloc           0%         N/A       100%        3
 Manifold Assault         Tloc           0%         N/A       100%        5
 Blink                    Tloc           Unusable   N/A       N/A         2

Dungeon Overview and Level Annotations

Branches:
Dungeon (7/15)             Temple (0/1) D:5           Sewer (visited)

Altars:
Kikubaaqudgha
Okawaru
Ru
Vehumet
Xom
Yredelemnul
Zin

Shops:
D:4 :(   D:5 [*   D:6 **

Annotations:
D:3 1 runed translucent door, LCPRIV's ghost, amateur DECj
D:4 1 runed translucent door, Jingleheimer's ghost, novice TrFi
D:7 Duvessa


Innate Abilities, Weirdness & Mutations

You cannot be hasted, slowed, berserked, paralysed or teleported.
You can dig through walls and to a lower floor.
You have a pair of large antennae on your head. (SInv)
Your four strong arms can wield two-handed weapons with a shield.


Message History

You barely miss Duvessa.
Duvessa is heavily wounded.
You hit Dowan.
Dowan is poisoned.
Dowan hits you but does no damage. Duvessa hits you with a +0 short sword!
Dowan hits you with a +2 dagger of speed.
* * * LOW HITPOINT WARNING * * *
Press: ? - help, Shift-Dir - straight line, f - Dowan
Aim: Dowan, wielding a +2 dagger of speed and wearing a +0 robe (heavily wounded, very poisoned, chance to affect: 80%)
You fail to use your ability.
Duvessa hits you with a +0 short sword.
* * * LOW HITPOINT WARNING * * *
Dowan gestures at you while chanting. The puff of frost hits you!
* * * LOW HITPOINT WARNING * * *
Space bends violently around you!
You blink.
Dowan gestures wildly while chanting.
Dowan blinks!
A bullfrog comes into view.
The bullfrog gives a loud, deep croak!
Dowan gestures at Duvessa while chanting.
Duvessa seems to speed up.
The howler monkey hoots and howls with incredible vigour!
You hear a shout!
Space bends violently around you!
You blink.
The howler monkey hoots and howls with incredible vigour!
You hear an angry hiss.
You extend your mandibles.
You dig through the rock wall.
You feel drained.
Dowan points at you and mumbles some strange words.
You easily resist.
You dig through the rock wall.
You feel drained.
You dig through the rock wall.
You feel drained.
You hear a bark!
You dig through the rock wall.
You feel drained. Duvessa attacks as you move away!
Duvessa hits you but does no damage. Lugonu accepts your kill.
You hear a distant scream of rage.
You feel a bit more experienced. Duvessa closely misses you.
You dig through the rock wall.
You feel drained. Duvessa attacks as you move away!
Duvessa hits you with a +0 short sword!
You die...

#.......##............
##'#...###....##.......
....
##'#.#.###....##.......
.....
#............###.......
...... #...<#c####..#
....... ......
#.......{....### ##.##
...... #...............
......##......##.......
#.......#@#.......
#.......##e....#
#.......#{###..#
+.ยง..#..{## ...
######..## . .......
######## {


You could see Duvessa (fast, strong, drained) and a centaur (wandering).

Vanquished Creatures
  2 ice beasts
  An orc warrior (D:6)
  A black bear (D:5)
  An ogre (D:4)
  2 kobold brigands (Sewer)
  4 scorpions
  2 necrophages
  Dowan (D:7)
  3 hounds
  2 jellies (D:6)
  3 orc priests (D:5)
  An iguana (D:6)
  Ijyb (D:5)
  7 orc wizards
  8 gnolls
  6 adders
  A river rat (D:6)
  A shadow imp (D:6)
  A white imp (D:5)
  2 ufetubi
  A worm (D:3)
  2 dart slugs (D:2)
  11 orcs
  9 bats
  17 endoplasms
  3 giant cockroaches
  8 goblins
  7 hobgoblins
  20 kobolds
  6 quokkas
  10 ball pythons
  8 frilled lizards
  7 rats
159 creatures vanquished.

Vanquished Creatures (others)
  A fungus (Sewer)
  4 plants (Sewer)
5 creatures vanquished.

Grand Total: 164 creatures vanquished

Notes
Turn   | Place    | Note
-------+----------+-------------------------------------------
     0 | Abyss:1  | Hiippo the Formicid Abyssal Knight began the quest for the
                  | Orb.
     0 | Abyss:1  | Reached XP level 1. HP: 18/18 MP: 2/2
     1 | D:1      | Escaped the Abyss
    23 | D:1      | Reached skill level 1 in Dodging
   162 | D:1      | Reached XP level 2. HP: 22/24 MP: 3/3
   421 | D:1      | Reached XP level 3. HP: 28/30 MP: 4/4
   516 | D:1      | Reached *** piety under Lugonu
   765 | D:2      | Reached skill level 4 in Fighting
   858 | D:2      | Reached XP level 4. HP: 37/37 MP: 5/5
   860 | D:2      | Found an ancient bone altar of Kikubaaqudgha.
  2021 | D:3      | Reached XP level 5. HP: 43/43 MP: 6/6
  2080 | D:3      | Found a runed translucent door.
  2101 | D:3      | Noticed a bullfrog
  2101 | D:3      | Noticed LCPRIV's ghost (amateur DECj)
  2364 | D:3      | Reached skill level 5 in Fighting
  2535 | D:4      | Found an iron altar of Okawaru.
  2563 | D:4      | Reached XP level 6. HP: 43/51 MP: 7/7
  2811 | D:4      | Found Ygyraosk's Weapon Shop.
  2814 | D:4      | Found Epiapp's Book Emporium.
  2831 | D:4      | Reached **** piety under Lugonu
  2981 | D:4      | Found a runed translucent door.
  3126 | D:4      | Reached skill level 6 in Fighting
  3126 | D:4      | Reached XP level 7. HP: 33/57 MP: 8/8
  3130 | D:4      | Reached skill level 5 in Axes
  3279 | D:4      | Noticed Jingleheimer's ghost (novice TrFi)
  3489 | D:4      | Found a shimmering altar of Xom.
  3985 | D:4      | Found a basalt altar of Yredelemnul.
  3985 | D:4      | Found a sacrificial altar of Ru.
  4064 | D:5      | Entered Level 5 of the Dungeon
  4325 | D:5      | Found Ymmommof's General Store.
  4430 | D:5      | Reached skill level 7 in Fighting
  4430 | D:5      | Reached XP level 8. HP: 57/67 MP: 9/9
  4476 | D:5      | Found Enuedoz's Antique Armour Boutique.
  4526 | D:5      | Identified the +3 great mace "Xenolorch" {antimagic, rPois
                  | Dex+4}
  4821 | D:5      | Noticed Ijyb
  4838 | D:5      | Killed Ijyb
  4969 | D:5      | Found a staircase to the Ecumenical Temple.
  5800 | D:6      | Found Zin's Purification Station.
  5803 | D:6      | Found a glowing silver altar of Zin.
  5815 | D:6      | Found a glowing drain.
  6046 | Sewer    | Entered a sewer
  6191 | Sewer    | Reached skill level 8 in Fighting
  6317 | Sewer    | Reached ***** piety under Lugonu
  6706 | D:6      | Found Guwun's General Store.
  6827 | D:6      | Found a radiant altar of Vehumet.
  6851 | D:6      | Reached XP level 9. HP: 34/75 MP: 10/10
  6878 | D:6      | HP: 5/112 [orc warrior/+0 scimitar (6)]
  7789 | D:7      | Reached skill level 9 in Fighting
  7816 | D:7      | Noticed Duvessa
  7817 | D:7      | Noticed Dowan
  7861 | D:7      | Killed Dowan
  7862 | D:7      | Slain by Duvessa

Illustrated notes

Levels and vault maps discovered:
D:1:      dpeg_arrival_radiant, layout_basic
D:2:      layout_loops_ring, basic_altar, nrook_mini_backslash,
          minmay_nonomino_d4
D:3:      layout_rooms, ebering_ghost_sewer_d
D:4:      layout_loops_ring, okawaru_metal_pillars_3,
          mainiacjoe_overflow_alcove_2, gammafunk_temple_overflow_elements,
          ebering_ghost_reflecting_pool, corner_web_ring,
          nicolae_wooded_promenade
D:5:      layout_basic, minmay_temple_entry_statues_pillars, serial_shops,
          nicolae_diamond_shop, nicolae_shop_hallway_plus, uniq_ijyb
D:6:      layout_cave_pods, nicolae_vehumet_altar_sigil, zin_purify,
          portal_sewer_entry_a, serial_shops, nicolae_square_shop
D:7:      layout_basic, slow_altar_2, enter_bailey_2,
          hangedman_abyss_or_decor_passed, guppyfry_shop_venom, uniq_duvessa

Skill      XL: |  1  2  3  4  5  6  7  8  9 |
---------------+----------------------------+-----
Dodging        | 1 |  1.1
Fighting       | 4 5 6 7 8 9 |  9.3
Axes           | 3 4 6 7 8 |  8.2
Armour         | |  2.3
Invocations    | |  2.3

Action                   |  1- 3 |  4- 6 |  7- 9 || total
-------------------------+-------+-------+-------++-------
Melee: Hand axe          |    98 |   186 |   351 ||   635
       Punch             |       |     1 |     7 ||     8
Invok: Bend Space        |       |       |     6 ||     6
 Abil: Dig               |       |     6 |     8 ||    14
Evoke: Wand              |       |       |     6 ||     6
  Use: Scroll            |     3 |       |    10 ||    13
       Potion            |     1 |       |     9 ||    10
 Stab: Distracted        |     1 |       |       ||     1
Armor: Leather armour    |    22 |       |       ||    22
       Plate armour      |    30 |    92 |   193 ||   315
       Skin              |       |       |    39 ||    39
Dodge: Dodged            |    58 |    89 |    89 ||   236
